 Dungeon Crawl Stone Soup version 0.31-a0-1612-g4aaf141004 (webtiles) character file.

Game seed: 4884886023614752192

1428 whatisthis the Cleaver (level 8, -4/69 (74) HPs)
             Began as a Hill Orc Monk on Jan 10, 2024.
             Was a Believer of Nemelex Xobeh.
             Slain by a wight
             ... wielding a +0 halberd
              (7 damage)
             ... on level 9 of the Dungeon.
             The game lasted 00:10:53 (5091 turns).

whatisthis the Cleaver (Hill Orc Monk)              Turns: 5091, Time: 00:10:54

HP:   -4/69 (74)    AC: 12    Str: 16    XL:     8   Next: 72%
MP:   10/10         EV:  8    Int: 10    God:    Nemelex Xobeh [**....]
Gold: 320           SH:  0    Dex: 13    Spells: 7/7 levels left

rFire   . . .        p - +4 spear (heavy)
rCold   . . .        (no shield)
rNeg    . . .        u - +0 chain mail
rPois   .            x - +0 helmet
rElec   .            (no cloak)
rCorr   .            l - +0 pair of gloves
SInv    +            (no boots)
Will    .....        (no amulet) Stlth
                     (no ring)
HPRegen 0.31/turn    (no ring)
MPRegen 0.12/turn

%: no passive effects
@: drained
A: no striking features
a: Renounce Religion, Draw Escape, Draw Destruction, Draw Summoning


You were on level 9 of the Dungeon.
You worshipped Nemelex Xobeh.
Nemelex Xobeh was pleased with you.
You visited 2 branches of the dungeon, and saw 8 of its levels.

You collected 320 gold pieces.

Inventory:

Hand Weapons
 p - a +4 heavy spear (weapon)
 I - a +0 war axe
Missiles
 q - a throwing net
 r - 11 poisoned darts (quivered)
 y - 12 boomerangs
Armour
 d - an orb of light
 l - a +0 pair of gloves (worn)
 u - a +0 chain mail (worn)
 x - a +0 helmet (worn)
Jewellery
 b - an amulet of magic regeneration
 h - a ring of ice
 m - a ring of ice
 t - a ring of wizardry
Wands
 s - a wand of charming (21)
Scrolls
 i - 4 scrolls of identify
 k - 2 scrolls of vulnerability {unknown}
 n - 3 scrolls of revelation
 o - a scroll of acquirement
 v - a scroll of blinking {unknown}
 w - a scroll of noise {unknown}
 z - a scroll of enchant armour {unknown}
 B - a scroll of fog {unknown}
 C - 3 scrolls of teleportation {unknown}
 E - a scroll of immolation {unknown}
 F - a scroll of summoning {unknown}
 J - a scroll of poison {unknown}
Potions
 a - 2 potions of enlightenment {unknown}
 c - a potion of ambrosia
 e - 6 potions of curing {unknown}
 f - 3 potions of attraction {unknown}
 g - a potion of might {unknown}
 j - a potion of mutation {unknown}
 A - 2 potions of degeneration {unknown}
 D - a potion of brilliance {unknown}
 G - a potion of heal wounds {unknown}
 H - a potion of invisibility {unknown}


   Skills:
 + Level 8.0 Fighting
 + Level 8.6 Axes
 + Level 5.1 Armour
 - Level 3.5 Dodging
 + Level 3.1 Invocations


You had 7 spell levels left.
You didn't know any spells.
Your spell library contained the following spells:

 Spells                   Type           Power      Damage    Failure   Level
 Freeze                   Ice            0%         1d3       99%         1
 Frozen Ramparts          Ice            0%         1d1       100%        3
 Hailstorm                Conj/Ice       0%         3d5       100%        3
 Leda's Liquefaction      Alch/Erth      0%         N/A       100%        4
 Petrify                  Alch/Erth      0%         N/A       100%        4
 Metabolic Englaciation   Hex/Ice        0%         N/A       100%        5


Dungeon Overview and Level Annotations

Branches:
Dungeon (9/15)             Temple (1/1) D:6
   Lair: D:8-11         Orc: D:9-12

Altars:
Ashenzari
Cheibriados
Dithmenos
Elyvilon
Fedhas
Gozag
Hepliaklqana
Kikubaaqudgha
Makhleb
Nemelex Xobeh
Okawaru
Ru
Sif Muna
Trog
Vehumet
Wu Jian
Xom
The Shining One

Shops:
D:4 (

Annotations:
D:6 1 runed translucent door, avangion's ghost, novice DEEE


Message History

Press: ? - help, Dir - move target, f/p - wight
Aim: a wight, wielding a +4 dagger of freezing and wearing a +0 robe (about 30% to evade your +4 heavy spear)
Okay, then.
You barely miss the wight. The wight barely misses you. x2
You barely miss the wight.
The wight hits you but does no damage. x2
You barely miss the wight. Your punch misses the wight.
The wight hits you with a +4 dagger of freezing.
You feel drained. The wight freezes you. The wight hits you but does no damage.
The wight hits you with a +4 dagger of freezing.
You feel drained. The wight freezes you.
Aiming: Charm
Press: ? - help, Shift-Dir - straight line, f/p - wight
Aim: a wight, wielding a +4 dagger of freezing and wearing a +0 robe (chance to affect: 49%)
The wight resists with some effort.
The wight hits you from afar with a +0 halberd.
The wight hits you but does no damage.
Aiming: Charm
Press: ? - help, Shift-Dir - straight line, f/p - wight
Aim: a wight, wielding a +4 dagger of freezing and wearing a +0 robe (chance to affect: 49%)
The wight resists with some effort.
The wight hits you from afar with a +0 halberd!
* * * LOW HITPOINT WARNING * * *
The wight hits you with a +4 dagger of freezing.
* * * LOW HITPOINT WARNING * * *
The wight freezes you.
* * * LOW HITPOINT WARNING * * *
You closely miss the wight. The wight barely misses you. x2
The wight hits you but does no damage.
As you read the scroll labelled KINIWY OSIBERGH, it crumbles to dust.
It is a scroll of identify.
o - a scroll of acquirement The wight barely misses you.
The wight hits you from afar with a +0 halberd!
* * * LOW HITPOINT WARNING * * *
As you read the scroll labelled NUBIOS YRPHOUMOGG, it crumbles to dust.
You feel aware of your surroundings.
You sensed 1 altar, and 1 shop/portal.
It was a scroll of revelation.
The wight barely misses you.
The wight hits you from afar with a +0 halberd!
You die...
Your body glows slightly and disappears.

#....###........=.##.**,,,,,,,***
.......#............###.,,,,,,,*
....#..>........#...###.,,*,,,,**
.z..###.........##......,***,,,,*
................#......$,***,,,**
#..............##.......,,***,**
###............z#.......,,* ***
*,##..........z#z#......,***
~,*##...###....#@#......,,,* ,,*
##..#####.####....#.,,** ,,*
#############...###*** ,**
########.....## ,*
########....### **
#########.#.### * #########>#####
###############


You could see 3 wights.

Vanquished Creatures
  2 water moccasins
  A black bear (D:6)
  3 ogres (D:5)
  2 phantoms
  A gnoll sergeant (D:6)
  2 scorpions
  2 orc priests
  3 bombardier beetles
  3 hounds (D:6)
  2 orc wizards (D:5)
  4 adders
  9 gnolls
  4 ufetubi (D:6)
  2 dart slugs
  3 ribbon worms
  13 orcs
  12 ball pythons
  10 endoplasms
  3 giant cockroaches
  12 goblins
  8 hobgoblins
  3 jackals (D:2)
  3 quokkas
  8 bats
  2 frilled lizards
  12 kobolds
  9 rats
138 creatures vanquished.

Notes
Turn   | Place    | Note
-------+----------+-------------------------------------------
     0 | D:1      | whatisthis the Hill Orc Monk began the quest for the Orb.
     0 | D:1      | Reached XP level 1. HP: 19/19 MP: 1/1
   133 | D:1      | Reached XP level 2. HP: 25/27 MP: 2/2
   410 | D:1      | Reached XP level 3. HP: 26/33 MP: 3/3
   999 | D:2      | Reached XP level 4. HP: 41/41 MP: 4/4
  1208 | D:2      | Found a sacrificial altar of Ru.
  1601 | D:3      | Reached skill level 5 in Axes
  1759 | D:3      | Found a snail-covered altar of Cheibriados.
  1961 | D:3      | Reached XP level 5. HP: 44/47 MP: 5/5
  1981 | D:3      | Reached skill level 5 in Fighting
  2003 | D:3      | Found a shadowy altar of Dithmenos.
  2658 | D:4      | Found Vuloekom's Antique Weapon Boutique.
  2867 | D:4      | Reached skill level 1 in Armour
  2867 | D:4      | Reached XP level 6. HP: 56/56 MP: 6/6
  3491 | D:5      | Entered Level 5 of the Dungeon
  3520 | D:5      | Identified the +0 robe "Winosh" {Will+}
  3547 | D:5      | Reached XP level 7. HP: 55/63 MP: 7/7
  3987 | D:5      | Found a radiant altar of Vehumet.
  4179 | D:5      | Reached XP level 8. HP: 73/73 MP: 8/8
  4478 | D:6      | Found a staircase to the Ecumenical Temple.
  4488 | Temple   | Entered the Ecumenical Temple
  4503 | Temple   | Became a worshipper of Nemelex Xobeh the Trickster
  4503 | Temple   | Reached * piety under Nemelex Xobeh
  4503 | Temple   | Received a gift from Nemelex Xobeh
  4503 | Temple   | Reached ** piety under Nemelex Xobeh
  4534 | D:6      | Found an ornate altar of the Wu Jian Council.
  4544 | D:6      | Reached skill level 1 in Invocations
  4867 | D:6      | Reached skill level 5 in Armour
  4980 | D:6      | Found a runed translucent door.
  4981 | D:6      | Found a shimmering altar of Xom.
  4981 | D:6      | Noticed avangion's ghost (novice DEEE)
  4982 | D:6      | Noticed a +2 scimitar of chaos
  5034 | D:6      | You fall into a shaft and drop 3 floors!
  5034 | D:9      | Received a gift from Nemelex Xobeh
  5090 | D:9      | Identified a scroll of acquirement
  5090 | D:9      | HP: 2/69 [wight/+0 halberd (14)]
  5091 | D:9      | Slain by a wight

Illustrated notes

Levels and vault maps discovered:
D:1:      dpeg_arrival_fog, layout_basic, minmay_cupped
D:2:      minmay_recursive_quarters, layout_loops_ring, basic_altar
D:3:      minmay_thinvault, layout_loops_corners,
          grunt_dithmenos_smoke_and_mirrors,
          mainiacjoe_overflow_surrounded_room, minivault_14
D:4:      minmay_wonky_spiral, layout_basic, serial_shops, nicolae_stop_n_shop_1
D:5:      layout_loops_ring, nicolae_vehumet_altar_sigil
D:6:      layout_gridville, mainiacjoe_overflow_cross_hatched,
          old_standard_altar, minmay_temple_entry_purple_smoke,
          ebering_ghost_xom, uniq_blork_the_orc
D:9:      wad_lake_hut, layout_cave_pools, lemuel_doored_altar, serial_shops,
          shop, uniq_erolcha
Temple:   cyrus_circular_temple

Skill      XL: |  1  2  3  4  5  6  7  8 |
---------------+-------------------------+-----
Fighting       | 4 5 6 7 8 |  8.0
Dodging        | 3 |  3.5
Axes           | 5 6 7 8 |  8.6
Armour         | 1 2 4 5 |  5.1
Invocations    | 3 |  3.1

Action                     |  1- 3 |  4- 6 |  7- 9 || total
---------------------------+-------+-------+-------++-------
  Melee: Hand axe          |    95 |     8 |       ||   103
         Spear             |       |   116 |   111 ||   227
  Throw: Dart              |       |       |    10 ||    10
  Evoke: Wand              |       |       |     4 ||     4
    Use: Scroll            |       |       |     2 ||     2
 Armour: Robe              |    25 |       |       ||    25
         Ring mail         |    22 |    48 |       ||    70
         Chain mail        |       |    11 |   126 ||   137
  Dodge: Dodged            |    57 |    49 |    70 ||   176

Table legend: (Time is in decaauts)
 A = Elapsed time spent in this place.
 B = Non-inter-level travel time spent in this place.
 C = Inter-level travel time spent in this place.
 D = Time resting spent in this place.
 E = Time spent auto-exploring this place.
 F = Levels seen in this place.
 G = Mean time per level.
                   A        B        C        D        E       F      G
               +--------+--------+--------+--------+--------+-----+--------+
         Total |   5189 |   4936 |    253 |    312 |   3410 |   8 |  648.6 |
       Dungeon |   5158 |   4919 |    239 |    312 |   3410 |   7 |  736.9 |
        Temple |     30 |     16 |     14 |      0 |      0 |   1 |   30.0 |
               +--------+--------+--------+--------+--------+-----+--------+

Top non-repeatable levels by time:
     D:3: 1146 daAuts
     D:5: 957 daAuts
     D:4: 893 daAuts
     D:2: 823 daAuts
     D:1: 728 daAuts
     D:6: 548 daAuts
     D:9: 59 daAuts
  Temple: 30 daAuts
